 Dungeon Crawl Stone Soup version 0.30-a0-916-g9813417 (webtiles) character file.

Game seed: 4049846990602037972

66 Nithhogg the Trooper (level 4, -4/40 HPs)
             Began as a Hill Orc Fighter on Mar 23, 2023.
             Slain by Natasha (7 damage)
             ... on level 2 of the Dungeon.
             The game lasted 00:01:17 (854 turns).

Nithhogg the Trooper (Hill Orc Fighter)              Turns: 854, Time: 00:01:18

Health: -4/40      AC:  7    Str: 20    XL:     4   Next: 15%
Magic:  5/5        EV:  6    Int:  8    God:
Gold:   63         SH:  0    Dex: 10    Spells: 3/3 levels left

rFire   . . .      SeeInvis .    a - +0 war axe
rCold   . . .      Faith    .    (no shield)
rNeg    . . .      Spirit   .    b - +0 scale mail
rPois   .          Reflect  .    (no helmet)
rElec   .          Rampage  .    h - scarf {harm}
rCorr   .          Harm     + .  (no gloves)
Will    .....                    (no boots) Stlth
                                 (no amulet)
HPRegen 0.26/turn                (no ring)
MPRegen 0.09/turn                (no ring)

@: mighty, grasped by roots, slowed, constricted, very slow
A: no striking features
a: no special abilities


You were on level 2 of the Dungeon.
You visited 1 branch of the dungeon, and saw 2 of its levels.

You collected 63 gold pieces.

Inventory:

Hand Weapons
 a - a +0 war axe (weapon)
Armour
 b - a +0 scale mail (worn)
 c - a +0 buckler
 h - a scarf of harm (worn)
Jewellery
 i - a +6 ring of intelligence
Scrolls
 j - a scroll of summoning {unknown}
 k - a scroll of identify {unknown}
Potions
 d - a potion of might
 e - a potion of curing {unknown}
 f - a potion of mutation {unknown}
 g - 2 potions of lignification {unknown}


   Skills:
 + Level 4.2 Fighting
 * Level 4.2 Axes
 + Level 3.7 Armour
 - Level 3.2 Shields
 + Level 1.9 Invocations


You had 3 spell levels left.
You didn't know any spells.
Your spell library contained the following spells:

 Spells                   Type           Power      Damage    Failure   Level
 Beastly Appendage        Tmut           0%         N/A       77%         1
 Kiss of Death            Conj/Necr      0%         2d5       77%         1
 Wereblood                Tmut           0%         N/A       88%         2
 Call Canine Familiar     Summ           0%         N/A       98%         3
 Confusing Touch          Hex            0%         N/A       98%         3
 Portal Projectile        Hex/Tloc       0%         N/A       98%         3
 Spider Form              Tmut/Pois      0%         N/A       98%         3
 Dispel Undead            Necr           0%         3d6       100%        4
 Leda's Liquefaction      Hex/Erth       0%         N/A       100%        4


Dungeon Overview and Level Annotations

Branches:
Dungeon (2/15)

Altars:

Annotations:
D:2 Natasha


Message History

The grasping roots grab you!
Natasha is unaffected.
The shadow imp is unaffected. x2
The grasping roots constrict you. The shadow imp hits you.
The goblin hits you with a +0 dagger.
You barely miss the shadow imp.
The shadow imp is moderately wounded.
You hit the goblin.
You kill the goblin!
The grasping roots constrict you.
The shadow imp hits you but does no damage.
Natasha claws you. The grasping roots constrict you.
The shadow imp closely misses you.
You closely miss the shadow imp.
The shadow imp is moderately wounded.
You barely miss the shadow imp. You closely miss Natasha.
The shadow imp disappears for a moment.
The shadow imp hits you. Natasha closely misses you.
The grasping roots constrict you. The shadow imp closely misses you.
The shadow imp gestures at you. Pain shoots through your body!
You are too injured to fight recklessly!
You feel very mighty all of a sudden.
Natasha stares at you and mumbles some strange words.
You feel yourself slow down. The grasping roots constrict you.
The shadow imp hits you.
* * * LOW HITPOINT WARNING * * *
The shadow imp closely misses you.
The grasping roots release their grip on you.
You hit Natasha.
Natasha is heavily wounded.
You closely miss the shadow imp. You slash the shadow imp!
You kill the shadow imp!
The shadow imp disappears in a puff of smoke!
Natasha zaps a wand.
The roots erupt in riotous growth!
The grasping roots grab you!
Natasha is unaffected.
The shadow imp is unaffected.
The grasping roots constrict you!
* * * LOW HITPOINT WARNING * * *
The shadow imp completely misses you. Natasha claws you.
You die...

#.###.##.#.......####
#...##.####........
##.#....# #.#.####.
###.<#.#### #.#.# ##.
#...##.# #.#..##.. #.###..#
#.##....# #.###.##### #.
#..... #.##.....#...## #.
#..... ...........@h....#
#.###....
###########55...............
#.........######.. #.......#
####. ##....... ......
......# #####. ......# #.
....... .... ###.


You could see Natasha, a white imp (summoned) and a shadow imp (summoned).

Vanquished Creatures
  2 adders (D:2)
  3 dart slugs
  3 ball pythons
  4 bats
  An endoplasm (D:1)
  A giant cockroach (D:1)
  3 goblins (D:2)
  8 jackals (D:1)
  3 frilled lizards
  9 kobolds
  3 rats
40 creatures vanquished.

Notes
Turn   | Place    | Note
-------+----------+-------------------------------------------
     0 | D:1      | Nithhogg the Hill Orc Fighter began the quest for the Orb.
     0 | D:1      | Reached XP level 1. HP: 19/19 MP: 1/1
   152 | D:1      | Reached XP level 2. HP: 27/27 MP: 2/2
   279 | D:1      | Reached skill level 1 in Invocations
   388 | D:1      | Reached XP level 3. HP: 26/33 MP: 3/3
   844 | D:2      | Noticed Natasha
   849 | D:2      | Reached XP level 4. HP: 40/40 MP: 5/5
   854 | D:2      | Slain by Natasha

Illustrated notes

Levels and vault maps discovered:
D:1:      psy_arrival_fountain, layout_rooms, serial_curves, eino_curves_02,
          eino_curves_02, hangedman_decor_points, minmay_misc_feat_columns,
          st_stairs_2, chequers_garden
D:2:      layout_rooms, uniq_natasha

Skill      XL: |  1  2  3 |
---------------+----------+-----
Axes           | 3 4 |  4.2
Invocations    | 1 |  1.9
Fighting       | 4 |  4.2
Armour         | |  3.7
Shields        | |  3.2

Action                     |  1- 3 |  4- 6 || total
---------------------------+-------+-------++-------
  Melee: War axe           |    93 |     5 ||    98
    Use: Scroll            |     1 |       ||     1
         Potion            |       |     1 ||     1
 Armour: Scale mail        |    86 |     2 ||    88
  Dodge: Dodged            |    82 |     5 ||    87

Table legend: (Time is in decaauts)
 A = Elapsed time spent in this place.
 B = Non-inter-level travel time spent in this place.
 C = Inter-level travel time spent in this place.
 D = Time resting spent in this place.
 E = Time spent auto-exploring this place.
 F = Levels seen in this place.
 G = Mean time per level.
                   A        B        C        D        E       F      G
               +--------+--------+--------+--------+--------+-----+--------+
         Total |    885 |    866 |     19 |      0 |    632 |   2 |  442.5 |
       Dungeon |    885 |    866 |     19 |      0 |    632 |   2 |  442.5 |
               +--------+--------+--------+--------+--------+-----+--------+

Top non-repeatable levels by time:
     D:1: 615 daAuts
     D:2: 269 daAuts
